St.Louis Blues vs Montreal Canadiens
Created - Thursday, August 21, 2025 at 07:25
Goals
|
| St.Louis Blues |
0 |
4 |
1 |
0 |
1 |
6 |
| Montreal Canadiens |
1 |
1 |
3 |
0 |
0 |
5 |
|
Shots
|
| St.Louis Blues |
10 |
24 |
7 |
1 |
4 |
42 |
| Montreal Canadiens |
13 |
10 |
17 |
1 |
4 |
41 |
|
1st period
1. Montreal Canadiens , Macklin Celebrini 10 (Aliaksei Protas 9, Lane Hutson 8) at 2:34 (PP)
Penalties :
Alex Tuch (STL) for Interference (Minor) at 1:43
2nd period
2. St.Louis Blues , Brayden Point 7 (Brandon Hagel 5) at 0:16
3. Montreal Canadiens , Martin Necas 6 (Damon Severson 3) at 1:52
4. St.Louis Blues , Jake Guentzel 10 (Jack Eichel 8) at 10:53
5. St.Louis Blues , Jack Eichel 7 (Robert Thomas 19, Jake Guentzel 8) at 13:15 (PP)
6. St.Louis Blues , Vincent Trocheck 6 (Jake Sanderson 7, Scott Wedgewood) at 14:33 (PP)
Penalties :
Jayden Struble (MTL) for Tripping (Minor) at 11:51, Juraj Slafkovsky (MTL) for Hooking (Minor) at 13:55
3rd period
7. Montreal Canadiens , Brad Marchand 9 (Lane Hutson 9, Macklin Celebrini 9) at 2:11
8. Montreal Canadiens , Aliaksei Protas 3 (Adam Fox 4, Brady Skjei 3) at 5:31
9. Montreal Canadiens , Drew O'Connor 1 (Jayden Struble 3, Ilya Lyubushkin 4) at 16:56
10. St.Louis Blues , Robert Thomas 9 (Jack Eichel 9, Colton Parayko 4) at 18:59
Penalties :
Vincent Trocheck (STL) for Roughing (Minor) at 11:47, Damon Severson (MTL) for Tripping (Minor) at 19:41
Overtime #1
No Goal
Penalties :
No Penalty
Shootout
St.Louis Blues, Vincent Trocheck - Stopped by Pyotr Kochetkov
Montreal Canadiens, Martin Necas - Shot Misses the Net
St.Louis Blues, Jack Eichel - Stopped by Pyotr Kochetkov
Montreal Canadiens, Dylan Larkin - Stopped by Scott Wedgewood
St.Louis Blues, Brayden Point - Shot Misses the Net
Montreal Canadiens, Brad Marchand - Stopped by Scott Wedgewood
St.Louis Blues, Jake Guentzel - Goal!
Montreal Canadiens, Macklin Celebrini - Stopped by Scott Wedgewood
Penalties :
No Penalty
Goalie Stats
Scott Wedgewood (STL), 36 saves from 41 shots - (0.878), W, 1-0-3, 64:38 minutes
Pyotr Kochetkov (MTL), 37 saves from 42 shots - (0.881), OTL, 2-1-1, 65:00 minutes
Players Stats for St.Louis Blues
Player Name G A P +/- PIM S H SB GA TA FO MP PP MP PK MP
------------------------------------------------------------------------------------
Adam Pelech 0 0 0 0 0 0 0 0 0 0 0/0 11:31 0:00 0:00
Alex Tuch 0 0 0 -1 2 1 3 0 0 0 0/0 14:25 0:55 0:00
Brandon Hagel 0 1 1 0 0 1 2 1 0 0 0/2 19:19 0:55 0:00
Brayden Point 1 0 1 0 0 4 1 0 4 1 9/23 21:45 2:07 0:00
Colton Parayko 0 1 1 0 0 2 2 1 1 0 0/0 28:04 0:00 1:21
Connor Clifton 0 0 0 0 0 0 1 0 0 1 0/0 13:00 0:00 1:29
Elias Pettersson 0 0 0 -1 0 1 1 0 0 1 1/1 13:53 0:00 0:41
Isac Lundestrom 0 0 0 0 0 1 0 0 0 0 0/2 6:06 0:00 1:06
Jaccob Slavin 0 0 0 -1 0 3 0 2 1 0 0/0 23:20 0:00 1:29
Jack Eichel 1 2 3 0 0 9 0 1 0 0 1/4 23:44 1:25 0:42
Jake Guentzel 1 1 2 0 0 4 1 0 1 0 1/1 23:04 1:25 0:00
Jake Sanderson 0 1 1 -1 0 3 1 1 1 1 0/0 25:06 2:07 1:21
Joona Koppanen 0 0 0 0 0 1 0 0 1 0 0/0 6:22 0:00 1:35
Logan O'Connor 0 0 0 0 0 0 0 0 0 0 0/0 5:51 0:00 1:06
Mark Stone 0 0 0 0 0 1 0 0 0 0 0/1 17:43 0:13 0:00
Mikhail Sergachev 0 0 0 0 0 3 1 0 0 1 0/0 26:39 0:13 0:00
Robert Thomas 1 1 2 0 0 5 3 0 1 0 17/29 23:04 1:25 0:00
Vincent Trocheck 1 0 1 -1 2 3 2 0 0 0 9/16 14:12 0:55 0:30
Players Stats for Montreal Canadiens
Player Name G A P +/- PIM S H SB GA TA FO MP PP MP PK MP
------------------------------------------------------------------------------------
Adam Fox 0 1 1 -2 0 0 2 0 0 0 0/0 23:12 1:45 0:00
Aliaksei Protas 1 1 2 2 0 3 0 0 0 0 0/1 16:50 1:28 0:00
Brad Marchand 1 0 1 2 0 2 0 0 0 0 0/0 17:57 1:22 0:00
Brady Skjei 0 1 1 -2 0 2 3 2 1 0 0/0 30:02 1:45 2:35
Damon Severson 0 1 1 2 2 1 0 4 0 0 0/0 20:06 1:05 0:58
Drew O'Connor 1 0 1 1 0 2 3 2 0 1 0/0 8:02 0:00 1:22
Dylan Larkin 0 0 0 0 0 4 2 0 1 1 16/26 19:35 1:04 0:00
Evgeni Dadonov 0 0 0 1 0 3 0 0 0 0 0/0 7:26 0:39 0:00
Ilya Lyubushkin 0 1 1 1 0 0 0 1 0 1 0/0 16:04 0:00 2:12
Jake Evans 0 0 0 -2 0 2 1 0 0 2 12/20 17:29 0:00 1:51
Jayden Struble 0 1 1 1 2 2 2 0 0 0 0/0 16:01 0:00 1:26
Juraj Slafkovsky 0 0 0 0 2 1 0 1 1 0 1/3 19:21 1:07 0:00
Lane Hutson 0 2 2 2 0 1 0 2 0 3 0/0 24:33 1:05 0:51
Macklin Celebrini 1 1 2 2 0 4 3 0 0 0 8/16 16:46 1:30 0:00
Martin Necas 1 0 1 0 0 9 1 1 1 1 0/2 19:15 1:01 0:00
Patrik Laine 0 0 0 -2 0 3 0 0 0 1 0/0 16:06 0:03 0:00
Ryan Poehling 0 0 0 -2 0 2 0 0 0 0 3/4 17:44 0:16 1:46
Teddy Blueger 0 0 0 1 0 0 1 0 1 0 1/7 9:27 0:00 1:22
3 Stars
1 - Macklin Celebrini (MTL)
2 - Jack Eichel (STL)
3 - Robert Thomas (STL)
Power Play
St.Louis Blues - 2 on 3 Attempt(s) - 66.67%
Montreal Canadiens - 1 on 2 Attempt(s) - 50.00%
Penalty Kill
St.Louis Blues - 1 on 2 Attempt(s) - 50.00%
- Score 0 goal in Penalty Kill
Montreal Canadiens - 1 on 3 Attempt(s) - 33.33%
- Score 0 goal in Penalty Kill
Team Stat
St.Louis Blues - Hits : 18 - Faceoff Wins : 38 - Blocked Shots : 6 - Penalty Minutes : 4
Montreal Canadiens - Hits : 18 - Faceoff Wins : 41 - Blocked Shots : 13 - Penalty Minutes : 6
Official
Referees : Unknown
Linesman : Unknown
Game Notes
No Game Note
Finance
Level 1 -- Attendance: 5183 (86.38%) -- Ticket Income $482,019
Level 2 -- Attendance: 4423 (88.46%) -- Ticket Income $234,419
Level 3 -- Attendance: 2917 (97.23%) -- Ticket Income $93,344
Level 4 -- Attendance: 5000 (100.00%) -- Ticket Income $110,000
Luxury Box -- Attendance: 805 (80.50%) -- Ticket Income $156,975
Game was played at the Bell Centre.
Total Attendance: 18328 (91.64%)
Total Ticket Income: $1,076,757
Other Income: $376,865
Total Income: $1,453,622
St.Louis Blues
5 vs 5 Forward
Center Left Wing Right Wing Time % Phy DF OF
1 Robert Thomas Jack Eichel Jake Guentzel 35 0 2 3
2 Brayden Point Brandon Hagel Mark Stone 35 0 2 3
3 Vincent Trocheck Elias Pettersson Alex Tuch 25 1 2 2
4 Isac Lundestrom Joona Koppanen Logan O'Connor 5 1 3 1
5 vs 5 Defense
Defense Defense Time % Phy DF OF
1 Mikhail Sergachev Colton Parayko 45 1 2 2
2 Jake Sanderson Jaccob Slavin 35 0 3 2
3 Adam Pelech Connor Clifton 20 1 3 1
4 Mikhail Sergachev Colton Parayko 0 1 2 2
PowerPlay Forward
Center Left Wing Right Wing Time % Phy DF OF
1 Robert Thomas Jack Eichel Jake Guentzel 60 1 0 4
2 Vincent Trocheck Brandon Hagel Alex Tuch 40 1 0 4
PowerPlay Defense
Defense Defense Time % Phy DF OF
1 Brayden Point Jake Sanderson 60 0 1 4
2 Mark Stone Mikhail Sergachev 40 0 1 4
Penalty Kill 4 Players Forward
Center Wing Time % Phy DF OF
1 Vincent Trocheck Joona Koppanen 50 2 3 0
2 Isac Lundestrom Logan O'Connor 50 1 4 0
Penalty Kill 4 Players Defense
Defense Defense Time % Phy DF OF
1 Jaccob Slavin Connor Clifton 50 1 4 0
2 Jake Sanderson Colton Parayko 50 1 4 0
Penalty Kill - 3 Players Forward
Forward Time % Phy DF OF
1 Vincent Trocheck 50 0 5 0
2 Isac Lundestrom 50 0 5 0
Penalty Kill - 3 Players Defense
Defense Defense Time % Phy DF OF
1 Jaccob Slavin Connor Clifton 50 0 5 0
2 Jake Sanderson Colton Parayko 50 0 5 0
4 vs 4 Forward
Center Wing Time % Phy DF OF
1 Jack Eichel Brayden Point 50 0 2 3
2 Robert Thomas Jake Guentzel 50 0 2 3
4 vs 4 Defense
Defense Defense Time % Phy DF OF
1 Jake Sanderson Mikhail Sergachev 50 0 3 2
2 Colton Parayko Jaccob Slavin 50 0 3 2
Last Minutes Offensive
Center Left Wing Right Wing Defense Defense
Robert Thomas Jack Eichel Jake Guentzel Brayden Point Mikhail Sergachev
Last Minutes Defensive
Center Left Wing Right Wing Defense Defense
Vincent Trocheck Isac Lundestrom Logan O'Connor Jake Sanderson Jaccob Slavin
Goaltenders
Starting : Scott Wedgewood
Backup : Connor Hellebuyck
Extra Forwards
Normal : Brandon Hagel, Jake Guentzel, Alex Tuch - PP : Vincent Trocheck, Brayden Point - PK : Jack Eichel
Extra Defensemen
Normal : Jake Sanderson, Mikhail Sergachev, Colton Parayko - PP : Jake Sanderson - PK : Jaccob Slavin, Jake Sanderson
Penalty Shots
Vincent Trocheck, Jack Eichel, Brayden Point, Jake Guentzel, Brandon Hagel
Scratches
Artem Zub (Healthy), Luke Glendening (Healthy), Yanni Gourde (Healthy)
Montreal Canadiens
5 vs 5 Forward
Center Left Wing Right Wing Time % Phy DF OF
1 Dylan Larkin Juraj Slafkovsky Martin Necas 35 0 3 2
2 Macklin Celebrini Brad Marchand Aliaksei Protas 30 0 3 2
3 Jake Evans Ryan Poehling Patrik Laine 25 1 3 1
4 Teddy Blueger Evgeni Dadonov Drew O'Connor 10 1 3 1
5 vs 5 Defense
Defense Defense Time % Phy DF OF
1 Brady Skjei Adam Fox 35 1 3 1
2 Lane Hutson Damon Severson 30 1 3 1
3 Ilya Lyubushkin Jayden Struble 25 1 3 1
4 Brady Skjei Lane Hutson 10 1 3 1
PowerPlay Forward
Center Left Wing Right Wing Time % Phy DF OF
1 Dylan Larkin Brad Marchand Martin Necas 50 0 0 5
2 Macklin Celebrini Juraj Slafkovsky Aliaksei Protas 50 0 0 5
PowerPlay Defense
Defense Defense Time % Phy DF OF
1 Brady Skjei Adam Fox 50 0 1 4
2 Lane Hutson Damon Severson 50 0 1 4
Penalty Kill 4 Players Forward
Center Wing Time % Phy DF OF
1 Jake Evans Ryan Poehling 50 0 5 0
2 Teddy Blueger Drew O'Connor 50 0 5 0
Penalty Kill 4 Players Defense
Defense Defense Time % Phy DF OF
1 Brady Skjei Damon Severson 50 1 4 0
2 Ilya Lyubushkin Jayden Struble 50 1 4 0
Penalty Kill - 3 Players Forward
Forward Time % Phy DF OF
1 Jake Evans 50 0 5 0
2 Ryan Poehling 50 0 5 0
Penalty Kill - 3 Players Defense
Defense Defense Time % Phy DF OF
1 Brady Skjei Damon Severson 50 0 5 0
2 Ilya Lyubushkin Jayden Struble 50 0 5 0
4 vs 4 Forward
Center Wing Time % Phy DF OF
1 Jake Evans Patrik Laine 50 1 2 2
2 Teddy Blueger Ryan Poehling 50 1 2 2
4 vs 4 Defense
Defense Defense Time % Phy DF OF
1 Brady Skjei Adam Fox 50 1 2 2
2 Lane Hutson Damon Severson 50 1 2 2
Last Minutes Offensive
Center Left Wing Right Wing Defense Defense
Dylan Larkin Brad Marchand Martin Necas Lane Hutson Adam Fox
Last Minutes Defensive
Center Left Wing Right Wing Defense Defense
Jake Evans Ryan Poehling Drew O'Connor Ilya Lyubushkin Brady Skjei
Goaltenders
Starting : Pyotr Kochetkov
Backup : David Rittich
Extra Forwards
Normal : Brad Marchand, Dylan Larkin, Martin Necas - PP : Brad Marchand, Dylan Larkin - PK : Jake Evans
Extra Defensemen
Normal : Brady Skjei, Adam Fox, Lane Hutson - PP : Adam Fox - PK : Brady Skjei, Lane Hutson
Penalty Shots
Martin Necas, Dylan Larkin, Brad Marchand, Macklin Celebrini, Juraj Slafkovsky
Scratches
Conor Timmins (Healthy), Stuart Skinner (Healthy)
% Time on Ice - St.Louis Blues
Lines # - Real PCT - Wanted PCT - Time Play
Normal Forward
1 - 36% - 35% - 19:49
2 - 32% - 35% - 17:30
3 - 23% - 25% - 12:46
4 - 9% - 5% - 4:45
Normal Defense
1 - 44% - 45% - 24:22
2 - 36% - 35% - 19:34
3 - 20% - 20% - 10:54
4 - 0% - 0% - 0:00
PP Forward
1 - 61% - 60% - 1:25
2 - 39% - 40% - 0:55
PP Defense
1 - 91% - 60% - 2:07
2 - 9% - 40% - 0:13
PK Forward
1 - 61% - 50% - 1:44
2 - 39% - 50% - 1:06
PK Defense
1 - 52% - 50% - 1:29
2 - 48% - 50% - 1:21
PK3 Forward
1 - 0% - 50%
2 - 0% - 50%
PK3 Defense
1 - 0% - 50%
2 - 0% - 50%
44 Forward
1 - 48% - 50% - 2:23
2 - 52% - 50% - 2:37
44 Defense
1 - 49% - 50% - 2:27
2 - 51% - 50% - 2:33
Last Minute Offensive - 0:00
Last Minute Defensive - 0:00
Total
Forward - 65:00
Defense - 65:00
|
% Time on Ice - Montreal Canadiens
Lines # - Real PCT - Wanted PCT - Time Play
Normal Forward
1 - 33% - 35% - 18:20
2 - 28% - 30% - 15:17
3 - 27% - 25% - 14:33
4 - 12% - 10% - 6:40
Normal Defense
1 - 36% - 35% - 19:52
2 - 30% - 30% - 16:39
3 - 25% - 25% - 13:52
4 - 8% - 10% - 4:27
PP Forward
1 - 44% - 50% - 1:15
2 - 56% - 50% - 1:35
PP Defense
1 - 62% - 50% - 1:45
2 - 38% - 50% - 1:05
PK Forward
1 - 41% - 50% - 0:58
2 - 59% - 50% - 1:22
PK Defense
1 - 41% - 50% - 0:58
2 - 59% - 50% - 1:22
PK3 Forward
1 - 52% - 50% - 0:53
2 - 48% - 50% - 0:48
PK3 Defense
1 - 50% - 50% - 0:51
2 - 50% - 50% - 0:50
44 Forward
1 - 54% - 50% - 1:47
2 - 46% - 50% - 1:32
44 Defense
1 - 57% - 50% - 1:54
2 - 43% - 50% - 1:25
Last Minute Offensive - 0:00
Last Minute Defensive - 0:00
Total
Forward - 65:00
Defense - 65:00
|
Play-by-Play
1st period
0:01 of 1st period - Robert Thomas wins face-off versus Dylan Larkin in neutral zone.
0:27 of 1st period - Aliaksei Protas is hit by Brayden Point and loses puck.
0:48 of 1st period - Wrist shot by Evgeni Dadonov.
0:48 of 1st period - Stopped by Scott Wedgewood with a rebound.
0:58 of 1st period - Snap shot by Evgeni Dadonov.
0:58 of 1st period - Shot Misses the Net.
1:00 of 1st period - Slapshot by Drew O'Connor.
1:00 of 1st period - Stopped by Scott Wedgewood without a rebound.
1:01 of 1st period - Jake Evans wins face-off versus Vincent Trocheck in St.Louis Blues zone.
1:14 of 1st period - Wrist shot by Vincent Trocheck.
1:14 of 1st period - Stopped by Pyotr Kochetkov without a rebound.
1:15 of 1st period - Vincent Trocheck wins face-off versus Dylan Larkin in Montreal Canadiens zone.
1:16 of 1st period - Snap shot by Alex Tuch.
1:16 of 1st period - Shot Blocked by Brady Skjei.
1:19 of 1st period - Icing by Brady Skjei.
1:20 of 1st period - Vincent Trocheck wins face-off versus Dylan Larkin in Montreal Canadiens zone.
1:43 of 1st period - Minor Penalty to Alex Tuch for Interference.
1:44 of 1st period - Vincent Trocheck wins face-off versus Dylan Larkin in St.Louis Blues zone.
2:22 of 1st period - Off-side.
2:23 of 1st period - Vincent Trocheck wins face-off versus Macklin Celebrini in neutral zone.
2:34 of 1st period - Snap shot by Macklin Celebrini.
2:34 of 1st period - Goal by Macklin Celebrini - St.Louis Blues : 0 - Montreal Canadiens : 1.
2:35 of 1st period - Robert Thomas wins face-off versus Macklin Celebrini in neutral zone.
2:42 of 1st period - Slapshot by Jake Guentzel.
2:42 of 1st period - Stopped by Pyotr Kochetkov with a rebound.
2:44 of 1st period - Snap shot by Jaccob Slavin.
2:44 of 1st period - Stopped by Pyotr Kochetkov with a rebound.
2:48 of 1st period - Snap shot by Jack Eichel.
2:48 of 1st period - Shot Blocked by Damon Severson.
2:50 of 1st period - Wrist shot by Jake Guentzel.
2:50 of 1st period - Stopped by Pyotr Kochetkov with a rebound.
2:52 of 1st period - Slapshot by Jaccob Slavin.
2:52 of 1st period - Stopped by Pyotr Kochetkov with a rebound.
3:21 of 1st period - Wrist shot by Aliaksei Protas.
3:21 of 1st period - Shot Misses the Net.
3:55 of 1st period - Snap shot by Aliaksei Protas.
3:55 of 1st period - Shot Misses the Net.
3:57 of 1st period - Slapshot by Damon Severson.
3:57 of 1st period - Stopped by Scott Wedgewood without a rebound.
3:58 of 1st period - Brayden Point wins face-off versus Jake Evans in St.Louis Blues zone.
4:07 of 1st period - Slapshot by Patrik Laine.
4:07 of 1st period - Stopped by Scott Wedgewood with a rebound.
4:25 of 1st period - Wrist shot by Jack Eichel.
4:25 of 1st period - Shot Blocked by Ilya Lyubushkin.
4:56 of 1st period - Adam Pelech is hit by Dylan Larkin and loses puck.
5:42 of 1st period - Snap shot by Martin Necas.
5:42 of 1st period - Stopped by Scott Wedgewood with a rebound.
5:44 of 1st period - Wrist shot by Martin Necas.
5:44 of 1st period - Stopped by Scott Wedgewood with a rebound.
6:04 of 1st period - Wrist shot by Dylan Larkin.
6:04 of 1st period - Stopped by Scott Wedgewood with a rebound.
6:06 of 1st period - Slapshot by Adam Fox.
6:06 of 1st period - Shot Misses the Net.
6:08 of 1st period - Slapshot by Adam Fox.
6:08 of 1st period - Shot Misses the Net.
6:10 of 1st period - Slapshot by Martin Necas.
6:10 of 1st period - Stopped by Scott Wedgewood with a rebound.
6:12 of 1st period - Snap shot by Adam Fox.
6:12 of 1st period - Deflect By Martin Necas.
6:12 of 1st period - Shot Misses the Net.
6:12 of 1st period - Puck is out of play.
6:13 of 1st period - Jake Evans wins face-off versus Brayden Point in St.Louis Blues zone.
6:42 of 1st period - Snap shot by Jack Eichel.
6:42 of 1st period - Shot Misses the Net.
7:06 of 1st period - Wrist shot by Logan O'Connor.
7:06 of 1st period - Shot Misses the Net.
7:08 of 1st period - Snap shot by Colton Parayko.
7:08 of 1st period - Shot Misses the Net.
8:10 of 1st period - Joona Koppanen is hit by Drew O'Connor and loses puck.
9:37 of 1st period - Backhand shot by Jake Sanderson.
9:37 of 1st period - Stopped by Pyotr Kochetkov with a rebound.
9:39 of 1st period - Snap shot by Connor Clifton.
9:39 of 1st period - Shot Misses the Net.
9:41 of 1st period - Slapshot by Jaccob Slavin.
9:41 of 1st period - Shot Blocked by Damon Severson.
9:51 of 1st period - Aliaksei Protas is hit by Vincent Trocheck and loses puck.
10:07 of 1st period - Icing by Jaccob Slavin.
10:08 of 1st period - Dylan Larkin wins face-off versus Robert Thomas in St.Louis Blues zone.
10:23 of 1st period - Icing by Dylan Larkin.
10:24 of 1st period - Dylan Larkin wins face-off versus Brayden Point in Montreal Canadiens zone.
10:29 of 1st period - Wrist shot by Brayden Point.
10:29 of 1st period - Shot Blocked by Juraj Slafkovsky.
11:03 of 1st period - Patrik Laine is hit by Robert Thomas and loses puck.
11:07 of 1st period - Icing by Jayden Struble.
11:08 of 1st period - Ryan Poehling wins face-off versus Brandon Hagel in Montreal Canadiens zone.
11:13 of 1st period - Backhand shot by Ryan Poehling.
11:13 of 1st period - Stopped by Scott Wedgewood without a rebound.
11:14 of 1st period - Brayden Point wins face-off versus Dylan Larkin in St.Louis Blues zone.
12:32 of 1st period - Colton Parayko is hit by Drew O'Connor and loses puck.
12:36 of 1st period - Icing by Colton Parayko.
12:37 of 1st period - Brayden Point wins face-off versus Juraj Slafkovsky in St.Louis Blues zone.
13:05 of 1st period - Wrist shot by Brayden Point.
13:05 of 1st period - Stopped by Pyotr Kochetkov with a rebound.
13:07 of 1st period - Backhand shot by Mikhail Sergachev.
13:07 of 1st period - Stopped by Pyotr Kochetkov without a rebound.
13:08 of 1st period - Jake Evans wins face-off versus Robert Thomas in Montreal Canadiens zone.
13:35 of 1st period - Jake Evans is hit by Brandon Hagel and loses puck.
13:42 of 1st period - Slapshot by Brady Skjei.
13:42 of 1st period - Stopped by Scott Wedgewood without a rebound.
13:43 of 1st period - Dylan Larkin wins face-off versus Brayden Point in St.Louis Blues zone.
13:58 of 1st period - Snap shot by Dylan Larkin.
13:58 of 1st period - Stopped by Scott Wedgewood without a rebound.
13:59 of 1st period - Robert Thomas wins face-off versus Macklin Celebrini in St.Louis Blues zone.
14:18 of 1st period - Adam Fox is hit by Jake Guentzel.
14:36 of 1st period - Snap shot by Dylan Larkin.
14:36 of 1st period - Shot Misses the Net.
14:38 of 1st period - Slapshot by Adam Fox.
14:38 of 1st period - Shot Blocked by Jake Sanderson.
14:40 of 1st period - Snap shot by Dylan Larkin.
14:40 of 1st period - Shot Misses the Net.
15:22 of 1st period - Wrist shot by Logan O'Connor.
15:22 of 1st period - Shot Misses the Net.
15:57 of 1st period - Brandon Hagel is hit by Jayden Struble.
16:15 of 1st period - Aliaksei Protas is hit by Connor Clifton and loses puck.
16:29 of 1st period - Alex Tuch is hit by Macklin Celebrini.
16:41 of 1st period - Alex Tuch is hit by Jake Evans.
17:12 of 1st period - Off-side.
17:13 of 1st period - Robert Thomas wins face-off versus Macklin Celebrini in neutral zone.
17:30 of 1st period - Slapshot by Jack Eichel.
17:30 of 1st period - Stopped by Pyotr Kochetkov with a rebound.
17:46 of 1st period - Wrist shot by Brayden Point.
17:46 of 1st period - Stopped by Pyotr Kochetkov with a rebound.
18:02 of 1st period - Wrist shot by Evgeni Dadonov.
18:02 of 1st period - Shot Misses the Net.
18:06 of 1st period - Snap shot by Evgeni Dadonov.
18:06 of 1st period - Shot Misses the Net.
18:08 of 1st period - Slapshot by Ilya Lyubushkin.
18:08 of 1st period - Deflect By Evgeni Dadonov.
18:08 of 1st period - Shot Misses the Net.
18:08 of 1st period - Puck is out of play.
18:09 of 1st period - Robert Thomas wins face-off versus Teddy Blueger in St.Louis Blues zone.
18:09 of 1st period - Robert Thomas is hit by Teddy Blueger.
19:11 of 1st period - Slapshot by Evgeni Dadonov.
19:11 of 1st period - Deflect By Jake Sanderson.
19:11 of 1st period - Stopped by Scott Wedgewood without a rebound.
19:12 of 1st period - Dylan Larkin wins face-off versus Brayden Point in St.Louis Blues zone.
Goals for this period are 0 for St.Louis Blues vs 1 for Montreal Canadiens.
Shots for this period are 10 for St.Louis Blues vs 13 for Montreal Canadiens.
2nd period
0:01 of 2nd period - Brayden Point wins face-off versus Juraj Slafkovsky in neutral zone.
0:16 of 2nd period - Snap shot by Brayden Point.
0:16 of 2nd period - Goal by Brayden Point - St.Louis Blues : 1 - Montreal Canadiens : 1.
0:17 of 2nd period - Macklin Celebrini wins face-off versus Robert Thomas in neutral zone.
0:34 of 2nd period - Snap shot by Macklin Celebrini.
0:34 of 2nd period - Stopped by Scott Wedgewood without a rebound.
0:35 of 2nd period - Brayden Point wins face-off versus Dylan Larkin in St.Louis Blues zone.
0:39 of 2nd period - Off-side.
0:40 of 2nd period - Dylan Larkin wins face-off versus Brandon Hagel in neutral zone.
0:49 of 2nd period - Slapshot by Martin Necas.
0:49 of 2nd period - Stopped by Scott Wedgewood with a rebound.
0:59 of 2nd period - Colton Parayko is hit by Dylan Larkin and loses puck.
1:26 of 2nd period - Wrist shot by Juraj Slafkovsky.
1:26 of 2nd period - Shot Misses the Net.
1:52 of 2nd period - Snap shot by Martin Necas.
1:52 of 2nd period - Goal by Martin Necas - St.Louis Blues : 1 - Montreal Canadiens : 2.
1:53 of 2nd period - Jake Evans wins face-off versus Robert Thomas in neutral zone.
3:58 of 2nd period - Wrist shot by Vincent Trocheck.
3:58 of 2nd period - Stopped by Pyotr Kochetkov with a rebound.
4:00 of 2nd period - Slapshot by Vincent Trocheck.
4:00 of 2nd period - Shot Hit the Post.
4:02 of 2nd period - Snap shot by Jaccob Slavin.
4:02 of 2nd period - Stopped by Pyotr Kochetkov without a rebound.
4:03 of 2nd period - Macklin Celebrini wins face-off versus Jack Eichel in Montreal Canadiens zone.
4:16 of 2nd period - Slapshot by Macklin Celebrini.
4:16 of 2nd period - Stopped by Scott Wedgewood without a rebound.
4:17 of 2nd period - Jake Evans wins face-off versus Robert Thomas in St.Louis Blues zone.
4:22 of 2nd period - Snap shot by Patrik Laine.
4:22 of 2nd period - Stopped by Scott Wedgewood with a rebound.
4:24 of 2nd period - Snap shot by Patrik Laine.
4:24 of 2nd period - Shot Misses the Net.
4:26 of 2nd period - Wrist shot by Ryan Poehling.
4:26 of 2nd period - Shot Blocked by Colton Parayko.
4:28 of 2nd period - Slapshot by Lane Hutson.
4:28 of 2nd period - Stopped by Scott Wedgewood with a rebound.
4:30 of 2nd period - Slapshot by Damon Severson.
4:30 of 2nd period - Deflect By Patrik Laine.
4:30 of 2nd period - Shot Blocked by Jack Eichel.
4:30 of 2nd period - Puck is out of play.
4:31 of 2nd period - Robert Thomas wins face-off versus Aliaksei Protas in St.Louis Blues zone.
4:36 of 2nd period - Snap shot by Jake Guentzel.
4:36 of 2nd period - Shot Misses the Net.
4:58 of 2nd period - Brady Skjei is hit by Vincent Trocheck and loses puck.
5:11 of 2nd period - Wrist shot by Ryan Poehling.
5:11 of 2nd period - Stopped by Scott Wedgewood with a rebound.
5:29 of 2nd period - Off-side.
5:30 of 2nd period - Jack Eichel wins face-off versus Macklin Celebrini in neutral zone.
6:03 of 2nd period - Patrik Laine is hit by Brandon Hagel and loses puck.
6:25 of 2nd period - Off-side.
6:26 of 2nd period - Dylan Larkin wins face-off versus Robert Thomas in neutral zone.
7:06 of 2nd period - Snap shot by Brandon Hagel.
7:06 of 2nd period - Shot Misses the Net.
7:08 of 2nd period - Slapshot by Colton Parayko.
7:08 of 2nd period - Stopped by Pyotr Kochetkov without a rebound.
7:09 of 2nd period - Vincent Trocheck wins face-off versus Jake Evans in Montreal Canadiens zone.
7:10 of 2nd period - Snap shot by Elias Pettersson.
7:10 of 2nd period - Stopped by Pyotr Kochetkov without a rebound.
7:11 of 2nd period - Jake Evans wins face-off versus Vincent Trocheck in Montreal Canadiens zone.
7:11 of 2nd period - Jake Evans is hit by Elias Pettersson.
8:07 of 2nd period - Wrist shot by Jack Eichel.
8:07 of 2nd period - Shot Blocked by Damon Severson.
8:09 of 2nd period - Wrist shot by Jack Eichel.
8:09 of 2nd period - Shot Blocked by Lane Hutson.
8:11 of 2nd period - Wrist shot by Jack Eichel.
8:11 of 2nd period - Stopped by Pyotr Kochetkov without a rebound.
8:12 of 2nd period - Robert Thomas wins face-off versus Jake Evans in Montreal Canadiens zone.
8:13 of 2nd period - Slapshot by Jack Eichel.
8:13 of 2nd period - Stopped by Pyotr Kochetkov with a rebound.
8:39 of 2nd period - Brayden Point is hit by Martin Necas and loses puck.
8:50 of 2nd period - Slapshot by Brandon Hagel.
8:50 of 2nd period - Stopped by Pyotr Kochetkov without a rebound.
8:51 of 2nd period - Robert Thomas wins face-off versus Macklin Celebrini in Montreal Canadiens zone.
9:23 of 2nd period - Snap shot by Martin Necas.
9:23 of 2nd period - Stopped by Scott Wedgewood without a rebound.
9:24 of 2nd period - Brayden Point wins face-off versus Dylan Larkin in St.Louis Blues zone.
9:57 of 2nd period - Snap shot by Jack Eichel.
9:57 of 2nd period - Stopped by Pyotr Kochetkov without a rebound.
9:58 of 2nd period - Macklin Celebrini wins face-off versus Robert Thomas in Montreal Canadiens zone.
10:03 of 2nd period - Snap shot by Aliaksei Protas.
10:03 of 2nd period - Shot Blocked by Jaccob Slavin.
10:13 of 2nd period - Wrist shot by Robert Thomas.
10:13 of 2nd period - Stopped by Pyotr Kochetkov without a rebound.
10:14 of 2nd period - Brayden Point wins face-off versus Dylan Larkin in Montreal Canadiens zone.
10:18 of 2nd period - Icing by Brady Skjei.
10:19 of 2nd period - Dylan Larkin wins face-off versus Brayden Point in Montreal Canadiens zone.
10:46 of 2nd period - Patrik Laine is hit by Jake Sanderson and loses puck.
10:53 of 2nd period - Wrist shot by Jake Guentzel.
10:53 of 2nd period - Goal by Jake Guentzel - St.Louis Blues : 2 - Montreal Canadiens : 2.
10:54 of 2nd period - Macklin Celebrini wins face-off versus Vincent Trocheck in neutral zone.
11:03 of 2nd period - Wrist shot by Brad Marchand.
11:03 of 2nd period - Shot Misses the Net.
11:05 of 2nd period - Snap shot by Brad Marchand.
11:05 of 2nd period - Stopped by Scott Wedgewood with a rebound.
11:07 of 2nd period - Slapshot by Brady Skjei.
11:07 of 2nd period - Stopped by Scott Wedgewood without a rebound.
11:08 of 2nd period - Robert Thomas wins face-off versus Jake Evans in St.Louis Blues zone.
11:08 of 2nd period - Robert Thomas is hit by Adam Fox.
11:17 of 2nd period - Off-side.
11:18 of 2nd period - Robert Thomas wins face-off versus Jake Evans in neutral zone.
11:27 of 2nd period - Snap shot by Jack Eichel.
11:27 of 2nd period - Stopped by Pyotr Kochetkov without a rebound.
11:28 of 2nd period - Dylan Larkin wins face-off versus Brayden Point in Montreal Canadiens zone.
11:51 of 2nd period - Minor Penalty to Jayden Struble for Tripping.
11:52 of 2nd period - Jake Evans wins face-off versus Robert Thomas in Montreal Canadiens zone.
12:25 of 2nd period - Snap shot by Brandon Hagel.
12:25 of 2nd period - Deflect By Alex Tuch.
12:25 of 2nd period - Stopped by Pyotr Kochetkov with a rebound.
12:27 of 2nd period - Slapshot by Mikhail Sergachev.
12:27 of 2nd period - Shot Blocked by Drew O'Connor.
12:29 of 2nd period - Slapshot by Mark Stone.
12:29 of 2nd period - Stopped by Pyotr Kochetkov without a rebound.
12:30 of 2nd period - Robert Thomas wins face-off versus Teddy Blueger in Montreal Canadiens zone.
12:39 of 2nd period - Snap shot by Jack Eichel.
12:39 of 2nd period - Deflect By Jake Guentzel.
12:39 of 2nd period - Stopped by Pyotr Kochetkov without a rebound.
12:40 of 2nd period - Robert Thomas wins face-off versus Teddy Blueger in Montreal Canadiens zone.
12:51 of 2nd period - Wrist shot by Jack Eichel.
12:51 of 2nd period - Shot Blocked by Drew O'Connor.
12:53 of 2nd period - Snap shot by Jack Eichel.
12:53 of 2nd period - Deflect By Robert Thomas.
12:53 of 2nd period - Stopped by Pyotr Kochetkov with a rebound.
12:55 of 2nd period - Snap shot by Jack Eichel.
12:55 of 2nd period - Stopped by Pyotr Kochetkov without a rebound.
12:56 of 2nd period - Jake Guentzel wins face-off versus Ryan Poehling in Montreal Canadiens zone.
12:57 of 2nd period - Snap shot by Jack Eichel.
12:57 of 2nd period - Stopped by Pyotr Kochetkov without a rebound.
12:58 of 2nd period - Jake Evans wins face-off versus Robert Thomas in Montreal Canadiens zone.
13:15 of 2nd period - Snap shot by Jack Eichel.
13:15 of 2nd period - Deflect By Teddy Blueger.
13:15 of 2nd period - Goal by Jack Eichel - St.Louis Blues : 3 - Montreal Canadiens : 2.
13:16 of 2nd period - Robert Thomas wins face-off versus Macklin Celebrini in neutral zone.
13:31 of 2nd period - Snap shot by Robert Thomas.
13:31 of 2nd period - Shot Misses the Net.
13:33 of 2nd period - Slapshot by Mikhail Sergachev.
13:33 of 2nd period - Stopped by Pyotr Kochetkov with a rebound.
13:55 of 2nd period - Minor Penalty to Juraj Slafkovsky for Hooking.
13:56 of 2nd period - Jake Evans wins face-off versus Robert Thomas in Montreal Canadiens zone.
14:13 of 2nd period - Wrist shot by Robert Thomas.
14:13 of 2nd period - Deflect By Jayden Struble.
14:13 of 2nd period - Shot Misses the Net.
14:13 of 2nd period - Puck is out of play.
14:14 of 2nd period - Vincent Trocheck wins face-off versus Teddy Blueger in Montreal Canadiens zone.
14:17 of 2nd period - Wrist shot by Vincent Trocheck.
14:17 of 2nd period - Deflect By Brandon Hagel.
14:17 of 2nd period - Shot Misses the Net.
14:17 of 2nd period - Puck is out of play.
14:18 of 2nd period - Teddy Blueger wins face-off versus Vincent Trocheck in Montreal Canadiens zone.
14:29 of 2nd period - Snap shot by Jake Sanderson.
14:29 of 2nd period - Shot Blocked by Brady Skjei.
14:31 of 2nd period - Slapshot by Jake Sanderson.
14:31 of 2nd period - Shot Misses the Net.
14:33 of 2nd period - Snap shot by Vincent Trocheck.
14:33 of 2nd period - Goal by Vincent Trocheck - St.Louis Blues : 4 - Montreal Canadiens : 2.
14:34 of 2nd period - Macklin Celebrini wins face-off versus Vincent Trocheck in neutral zone.
14:46 of 2nd period - Icing by Lane Hutson.
14:47 of 2nd period - Macklin Celebrini wins face-off versus Jack Eichel in Montreal Canadiens zone.
16:17 of 2nd period - Brad Marchand is hit by Colton Parayko and loses puck.
16:38 of 2nd period - Wrist shot by Robert Thomas.
16:38 of 2nd period - Stopped by Pyotr Kochetkov with a rebound.
16:50 of 2nd period - Snap shot by Jack Eichel.
16:50 of 2nd period - Shot Misses the Net.
16:52 of 2nd period - Slapshot by Mikhail Sergachev.
16:52 of 2nd period - Deflect By Lane Hutson.
16:52 of 2nd period - Stopped by Pyotr Kochetkov with a rebound.
16:58 of 2nd period - Wrist shot by Jake Guentzel.
16:58 of 2nd period - Shot Blocked by Damon Severson.
17:14 of 2nd period - Brad Marchand is hit by Robert Thomas and loses puck.
17:39 of 2nd period - Snap shot by Robert Thomas.
17:39 of 2nd period - Shot Misses the Net.
17:41 of 2nd period - Snap shot by Jake Guentzel.
17:41 of 2nd period - Shot Misses the Net.
17:43 of 2nd period - Snap shot by Jack Eichel.
17:43 of 2nd period - Shot Misses the Net.
18:17 of 2nd period - Wrist shot by Jack Eichel.
18:17 of 2nd period - Shot Misses the Net.
18:19 of 2nd period - Snap shot by Robert Thomas.
18:19 of 2nd period - Shot Blocked by Lane Hutson.
18:21 of 2nd period - Slapshot by Colton Parayko.
18:21 of 2nd period - Stopped by Pyotr Kochetkov without a rebound.
18:22 of 2nd period - Dylan Larkin wins face-off versus Brayden Point in Montreal Canadiens zone.
18:33 of 2nd period - Slapshot by Dylan Larkin.
18:33 of 2nd period - Shot Misses the Net.
18:46 of 2nd period - Icing by Jake Sanderson.
18:47 of 2nd period - Jake Evans wins face-off versus Brayden Point in St.Louis Blues zone.
19:21 of 2nd period - Off-side.
19:22 of 2nd period - Elias Pettersson wins face-off versus Jake Evans in neutral zone.
Goals for this period are 4 for St.Louis Blues vs 1 for Montreal Canadiens.
Shots for this period are 24 for St.Louis Blues vs 10 for Montreal Canadiens.
3rd period
0:01 of 3rd period - Dylan Larkin wins face-off versus Brayden Point in neutral zone.
0:10 of 3rd period - Slapshot by Dylan Larkin.
0:10 of 3rd period - Stopped by Scott Wedgewood with a rebound.
0:12 of 3rd period - Slapshot by Jayden Struble.
0:12 of 3rd period - Stopped by Scott Wedgewood without a rebound.
0:13 of 3rd period - Dylan Larkin wins face-off versus Brayden Point in St.Louis Blues zone.
1:30 of 3rd period - Slapshot by Robert Thomas.
1:30 of 3rd period - Stopped by Pyotr Kochetkov with a rebound.
2:03 of 3rd period - Off-side.
2:04 of 3rd period - Macklin Celebrini wins face-off versus Vincent Trocheck in neutral zone.
2:11 of 3rd period - Snap shot by Brad Marchand.
2:11 of 3rd period - Goal by Brad Marchand - St.Louis Blues : 4 - Montreal Canadiens : 3.
2:12 of 3rd period - Dylan Larkin wins face-off versus Brayden Point in neutral zone.
2:17 of 3rd period - Wrist shot by Dylan Larkin.
2:17 of 3rd period - Deflect By Juraj Slafkovsky.
2:17 of 3rd period - Deflect By Brandon Hagel.
2:17 of 3rd period - Stopped by Scott Wedgewood with a rebound.
2:39 of 3rd period - Vincent Trocheck is hit by Jayden Struble and loses puck.
2:52 of 3rd period - Jake Evans is hit by Alex Tuch and loses puck.
3:14 of 3rd period - Slapshot by Jake Sanderson.
3:14 of 3rd period - Stopped by Pyotr Kochetkov without a rebound.
3:15 of 3rd period - Dylan Larkin wins face-off versus Brayden Point in Montreal Canadiens zone.
3:41 of 3rd period - Jake Guentzel is hit by Macklin Celebrini and loses puck.
4:33 of 3rd period - Snap shot by Patrik Laine.
4:33 of 3rd period - Stopped by Scott Wedgewood with a rebound.
4:35 of 3rd period - Snap shot by Patrik Laine.
4:35 of 3rd period - Deflect By Jake Evans.
4:35 of 3rd period - Shot Misses the Net.
4:35 of 3rd period - Puck is out of play.
4:36 of 3rd period - Vincent Trocheck wins face-off versus Martin Necas in St.Louis Blues zone.
5:27 of 3rd period - Backhand shot by Adam Fox.
5:27 of 3rd period - Shot Misses the Net.
5:29 of 3rd period - Snap shot by Aliaksei Protas.
5:29 of 3rd period - Shot Misses the Net.
5:31 of 3rd period - Wrist shot by Aliaksei Protas.
5:31 of 3rd period - Goal by Aliaksei Protas - St.Louis Blues : 4 - Montreal Canadiens : 4.
5:32 of 3rd period - Dylan Larkin wins face-off versus Brayden Point in neutral zone.
6:11 of 3rd period - Snap shot by Patrik Laine.
6:11 of 3rd period - Shot Misses the Net.
6:28 of 3rd period - Backhand shot by Aliaksei Protas.
6:28 of 3rd period - Stopped by Scott Wedgewood with a rebound.
6:30 of 3rd period - Wrist shot by Aliaksei Protas.
6:30 of 3rd period - Stopped by Scott Wedgewood with a rebound.
6:32 of 3rd period - Slapshot by Macklin Celebrini.
6:32 of 3rd period - Stopped by Scott Wedgewood with a rebound.
7:09 of 3rd period - Snap shot by Brayden Point.
7:09 of 3rd period - Stopped by Pyotr Kochetkov without a rebound.
7:10 of 3rd period - Dylan Larkin wins face-off versus Mark Stone in Montreal Canadiens zone.
7:19 of 3rd period - Slapshot by Dylan Larkin.
7:19 of 3rd period - Stopped by Scott Wedgewood with a rebound.
7:21 of 3rd period - Slapshot by Martin Necas.
7:21 of 3rd period - Shot Misses the Net.
7:23 of 3rd period - Wrist shot by Jayden Struble.
7:23 of 3rd period - Stopped by Scott Wedgewood with a rebound.
7:25 of 3rd period - Snap shot by Martin Necas.
7:25 of 3rd period - Shot Blocked by Brandon Hagel.
8:26 of 3rd period - Off-side.
8:27 of 3rd period - Juraj Slafkovsky wins face-off versus Isac Lundestrom in neutral zone.
8:36 of 3rd period - Backhand shot by Jake Sanderson.
8:36 of 3rd period - Stopped by Pyotr Kochetkov with a rebound.
8:38 of 3rd period - Wrist shot by Joona Koppanen.
8:38 of 3rd period - Shot Blocked by Martin Necas.
8:40 of 3rd period - Wrist shot by Joona Koppanen.
8:40 of 3rd period - Stopped by Pyotr Kochetkov without a rebound.
8:41 of 3rd period - Dylan Larkin wins face-off versus Brayden Point in Montreal Canadiens zone.
9:08 of 3rd period - Elias Pettersson is hit by Brady Skjei and loses puck.
9:31 of 3rd period - Jack Eichel is hit by Adam Fox and loses puck.
10:02 of 3rd period - Snap shot by Evgeni Dadonov.
10:02 of 3rd period - Stopped by Scott Wedgewood without a rebound.
10:03 of 3rd period - Brayden Point wins face-off versus Dylan Larkin in St.Louis Blues zone.
10:09 of 3rd period - Off-side.
10:10 of 3rd period - Brayden Point wins face-off versus Dylan Larkin in neutral zone.
11:15 of 3rd period - Snap shot by Martin Necas.
11:15 of 3rd period - Stopped by Scott Wedgewood with a rebound.
11:17 of 3rd period - Wrist shot by Damon Severson.
11:17 of 3rd period - Shot Misses the Net.
11:26 of 3rd period - Snap shot by Martin Necas.
11:26 of 3rd period - Stopped by Scott Wedgewood with a rebound.
11:28 of 3rd period - Slapshot by Damon Severson.
11:28 of 3rd period - Deflect By Martin Necas.
11:28 of 3rd period - Shot Blocked by Jaccob Slavin.
11:28 of 3rd period - Puck is out of play.
11:29 of 3rd period - Jake Evans wins face-off versus Vincent Trocheck in St.Louis Blues zone.
11:34 of 3rd period - Snap shot by Patrik Laine.
11:34 of 3rd period - Shot Misses the Net.
11:47 of 3rd period - Minor Penalty to Vincent Trocheck for Roughing.
11:48 of 3rd period - Macklin Celebrini wins face-off versus Isac Lundestrom in St.Louis Blues zone.
13:15 of 3rd period - Jack Eichel is hit by Macklin Celebrini and loses puck.
13:47 of 3rd period - Penalty to Vincent Trocheck is over, Vincent Trocheck is back on ice.
14:10 of 3rd period - Jake Guentzel is hit by Drew O'Connor and loses puck.
14:17 of 3rd period - Drew O'Connor is hit by Robert Thomas and loses puck.
15:14 of 3rd period - Icing by Colton Parayko.
15:15 of 3rd period - Robert Thomas wins face-off versus Macklin Celebrini in St.Louis Blues zone.
15:26 of 3rd period - Slapshot by Jack Eichel.
15:26 of 3rd period - Stopped by Pyotr Kochetkov with a rebound.
15:28 of 3rd period - Slapshot by Jake Sanderson.
15:28 of 3rd period - Shot Misses the Net.
15:54 of 3rd period - Patrik Laine is hit by Alex Tuch and loses puck.
16:13 of 3rd period - Jake Sanderson is hit by Brady Skjei and loses puck.
16:18 of 3rd period - Snap shot by Martin Necas.
16:18 of 3rd period - Stopped by Scott Wedgewood with a rebound.
16:56 of 3rd period - Wrist shot by Drew O'Connor.
16:56 of 3rd period - Goal by Drew O'Connor - St.Louis Blues : 4 - Montreal Canadiens : 5.
16:57 of 3rd period - Robert Thomas wins face-off versus Jake Evans in neutral zone.
17:03 of 3rd period - Off-side.
17:04 of 3rd period - Robert Thomas wins face-off versus Jake Evans in neutral zone.
17:57 of 3rd period - Snap shot by Jake Evans.
17:57 of 3rd period - Stopped by Scott Wedgewood with a rebound.
18:37 of 3rd period - St.Louis Blues, Scott Wedgewood is pulled from the net.
18:59 of 3rd period - Slapshot by Robert Thomas.
18:59 of 3rd period - Goal by Robert Thomas - St.Louis Blues : 5 - Montreal Canadiens : 5.
18:59 of 3rd period - Scott Wedgewood from St.Louis Blues was sent back in the game.
19:00 of 3rd period - Vincent Trocheck wins face-off versus Martin Necas in neutral zone.
19:12 of 3rd period - Snap shot by Elias Pettersson.
19:12 of 3rd period - Shot Misses the Net.
19:41 of 3rd period - Minor Penalty to Damon Severson for Tripping.
19:42 of 3rd period - Vincent Trocheck wins face-off versus Teddy Blueger in Montreal Canadiens zone.
Goals for this period are 1 for St.Louis Blues vs 3 for Montreal Canadiens.
Shots for this period are 7 for St.Louis Blues vs 17 for Montreal Canadiens.
Overtime #1
0:01 of 1st overtime period - Jake Evans wins face-off versus Jack Eichel in neutral zone.
0:10 of 1st overtime period - Slapshot by Jake Evans.
0:10 of 1st overtime period - Stopped by Scott Wedgewood without a rebound.
0:11 of 1st overtime period - Ryan Poehling wins face-off versus Robert Thomas in St.Louis Blues zone.
0:12 of 1st overtime period - Slapshot by Jayden Struble.
0:12 of 1st overtime period - Deflect By Ryan Poehling.
0:12 of 1st overtime period - Shot Hit the Post.
0:12 of 1st overtime period - Puck is out of play.
0:13 of 1st overtime period - Ryan Poehling wins face-off versus Robert Thomas in St.Louis Blues zone.
0:38 of 1st overtime period - Jayden Struble is hit by Colton Parayko and loses puck.
1:41 of 1st overtime period - Penalty to Damon Severson is over, Damon Severson is back on ice.
2:29 of 1st overtime period - Brady Skjei is hit by Alex Tuch and loses puck.
3:51 of 1st overtime period - Damon Severson is hit by Mikhail Sergachev and loses puck.
4:02 of 1st overtime period - Wrist shot by Elias Pettersson.
4:02 of 1st overtime period - Deflect By Isac Lundestrom.
4:02 of 1st overtime period - Stopped by Pyotr Kochetkov without a rebound.
4:03 of 1st overtime period - Robert Thomas wins face-off versus Teddy Blueger in Montreal Canadiens zone.
4:58 of 1st overtime period - Colton Parayko is hit by Brady Skjei.
Goals for this period are 0 for St.Louis Blues vs 0 for Montreal Canadiens.
Shots for this period are 1 for St.Louis Blues vs 1 for Montreal Canadiens.
ShootOut
5:00 of 1st overtime period - Round #1.
5:00 of 1st overtime period - St.Louis Blues, Vincent Trocheck.
5:00 of 1st overtime period - Wrist shot by Vincent Trocheck.
5:00 of 1st overtime period - Stopped by Pyotr Kochetkov.
5:00 of 1st overtime period - Montreal Canadiens, Martin Necas.
5:00 of 1st overtime period - Snap shot by Martin Necas.
5:00 of 1st overtime period - Shot Misses the Net.
5:00 of 1st overtime period - Round #2.
5:00 of 1st overtime period - St.Louis Blues, Jack Eichel.
5:00 of 1st overtime period - Backhand shot by Jack Eichel.
5:00 of 1st overtime period - Stopped by Pyotr Kochetkov.
5:00 of 1st overtime period - Montreal Canadiens, Dylan Larkin.
5:00 of 1st overtime period - Snap shot by Dylan Larkin.
5:00 of 1st overtime period - Stopped by Scott Wedgewood.
5:00 of 1st overtime period - Round #3.
5:00 of 1st overtime period - St.Louis Blues, Brayden Point.
5:00 of 1st overtime period - Backhand shot by Brayden Point.
5:00 of 1st overtime period - Shot Misses the Net.
5:00 of 1st overtime period - Montreal Canadiens, Brad Marchand.
5:00 of 1st overtime period - Wrist shot by Brad Marchand.
5:00 of 1st overtime period - Stopped by Scott Wedgewood.
5:00 of 1st overtime period - Round #4.
5:00 of 1st overtime period - St.Louis Blues, Jake Guentzel.
5:00 of 1st overtime period - Deke by Jake Guentzel.
5:00 of 1st overtime period - Goal by Jake Guentzel.
5:00 of 1st overtime period - Montreal Canadiens, Macklin Celebrini.
5:00 of 1st overtime period - Snap shot by Macklin Celebrini.
5:00 of 1st overtime period - Stopped by Scott Wedgewood.
Back to the Top